 Dungeon Crawl Stone Soup version 0.25-a0-110-ge29c8f2358 (webtiles) character file.

Game seed: 18178250636495298145, levelgen mode: deterministic

35 Esekla the Skirmisher (level 3, 0/31 HPs)
             Began as a Demonspawn Wanderer on Nov 20, 2019.
             Slain by a worm (8 damage)
             ... on level 2 of the Dungeon.
             The game lasted 00:05:04 (775 turns).

Esekla the Skirmisher (Demonspawn Wanderer)          Turns: 775, Time: 00:05:05

Health: 0/31       AC:  3    Str: 12    XL:     3   Next: 17%
Magic:  3/3        EV: 10    Int: 11    God:
Gold:   62         SH:  4    Dex: 15    Spells: 2/2 levels left

rFire    . . .     SeeInvis .   a - +2 falchion
rCold    . . .     Gourm    .   c - +0 buckler
rNeg     . . .     Faith    .   d - +0 robe
rPois    .         Spirit   .   (no helmet)
rElec    .         Reflect  .   (no cloak)
rCorr    .         Harm     .   e - +0 pair of gloves
MR       .....                  (no boots)
Stlth    ++........             h - amulet of inaccuracy (curse)
HPRegen  0.10/turn              k - -2 ring of slaying (curse)
MPRegen  0.08/turn              (no ring)

@: no status effects
A: hooves 1
a: no special abilities


You were on level 2 of the Dungeon.
You were not hungry.

You visited 1 branch of the dungeon, and saw 2 of its levels.

You collected 62 gold pieces.

Inventory:

Hand Weapons
 a - a +2 falchion (weapon)
 b - a +0 spear
Missiles
 j - 9 boomerangs (quivered)
Armour
 c - a +0 buckler (worn)
 d - a +0 robe (worn)
 e - a +0 pair of gloves (worn)
Jewellery
 h - a cursed amulet of inaccuracy (around neck)
 k - a cursed -2 ring of slaying (left hand)
Scrolls
 g - 2 scrolls of identify
 m - a scroll of random uselessness {unknown}
 n - a scroll of blinking
Potions
 i - 2 potions of curing
 l - 2 potions of haste {unknown}
Comestibles
 f - 2 rations


   Skills:
 + Level 4.7 Fighting
 * Level 1.8 Long Blades
 + Level 1.8 Armour
 + Level 0.1 Dodging
 - Level 1.0 Stealth
 + Level 1.0 Shields
   Level 1.0 Evocations


You had 2 spell levels left.
You didn't know any spells.
Your spell library was empty.

Dungeon Overview and Level Annotations

Branches:
Dungeon (2/15)

Altars:


Innate Abilities, Weirdness & Mutations

You have large cloven feet.


Message History

You slash the rat!
You kill the rat!
You barely miss the worm. You kick the worm.
The worm is lightly wounded.
The worm bites you!
You barely miss the worm.
The worm is lightly wounded.
The worm bites you.
* * * LOW HITPOINT WARNING * * *
You hit the worm. You kick the worm, but do no damage.
The worm is lightly wounded.
The worm closely misses you.
You riposte.
You barely miss the worm. You kick the worm.
The worm is moderately wounded.
You hit the worm.
The worm is moderately wounded.
You hit the worm. You kick the worm, but do no damage.
The worm is severely wounded.
The worm bites you!
You die...

#.##.......#
#.##.####..#
#.##.# #..#
#.##.# #..#
#.##.####..#
#.......#..#
#..#........
####..#..#.####
#....@#..#.###
#...#w#......#
#........## #
#.#.#......#
...#......#.#
..#............
#....#.####.#..
# #......
.#...# .#.## .#
#.#


You could see a worm.

Vanquished Creatures
  2 dart slugs
  A leopard gecko (D:1)
  7 bats (D:1)
  A giant cockroach (D:2)
  A goblin (D:2)
  3 hobgoblins (D:1)
  5 kobolds (D:1)
  2 frilled lizards (D:1)
  6 rats
28 creatures vanquished.

Notes
Turn   | Place    | Note
-------+----------+-------------------------------------------
     0 | D:1      | Esekla the Demonspawn Wanderer began the quest for the Orb.
     0 | D:1      | Esekla set off with the following items: a +2 falchion, a
                  | +0 mace, a +0 buckler, a +0 robe, a ration
     0 | D:1      | Reached XP level 1. HP: 19/19 MP: 1/1
   185 | D:1      | Gained mutation: You have large cloven feet. [demonic
                  | ancestry]
   185 | D:1      | Reached XP level 2. HP: 18/26 MP: 2/2
   581 | D:1      | Reached XP level 3. HP: 17/31 MP: 3/3
   775 | D:2      | Slain by a worm

Levels and vault maps discovered:
D:1:      lightli_molten_gateway, layout_loops_ring, minmay_tromino_v2
D:2:      layout_basic, eino_tiny_chamber

Action                   || total
-------------------------++-------
Melee: Falchion          ||    71
       Kick              ||    17
Throw: Boomerang         ||     2
  Use: Scroll            ||     3
 Stab: Sleeping          ||     2
Armor: Robe              ||    16
Dodge: Dodged            ||    43
Block: Buckler           ||    13
       Rpst.: Falchion   ||    17

Table legend:
 A = Non-vault XP
 B = Vault XP
 C = Vault XP percentage of total XP
 D = Non-vault monster count
 E = Vault monster count
 F = Vault count percentage of total count
                 A         B        C        D         E       F
            +---------+---------+-------+---------+---------+-------
      Total |      50 |       1 |   2.0 |      27 |       1 |   3.6
            +---------+---------+-------+---------+---------+-------
        D:1 |      41 |       1 |   2.4 |      23 |       1 |   4.2
        D:2 |       9 |       0 |   0.0 |       4 |       0 |   0.0
            +---------+---------+-------+---------+---------+-------
